[Event "Turkish Cup 2024"]
[Site "Denizli"]
[Date "2024.07.31"]
[Round "2"]
[White "Konyar, Enver"]
[Black "Karaca, Yigit"]
[Result "1/2-1/2"]
[ECO "A01"]
[WhiteElo "1678"]
[BlackElo "1879"]
[Annotator "NA"]
[PlyCount "158"]
[EventDate "2024.08.01"]
[EventType "swiss"]
[EventCountry "TUR"]
[SourceTitle "playchess.com"]
[Source "ChessBase"]
[SourceQuality "1"]
[TimeControl "5400+30"]

1. b3 e5 2. Bb2 Nc6 3. c4 Nge7 4. Nf3 Ng6 5. e3 Be7 6. d4 exd4 7. Nxd4 O-O 8. Nxc6 dxc6 9. Qxd8 Rxd8 10. Be2 Bf5 11. O-O Bd3 12. Bxd3 Rxd3 13. Nc3 Rd2 14. Rab1 Rad8 15. Ne4 Rc2 16. Rfc1 Rxc1+ 17. Rxc1 f5 18. Ng3 Rd2 19. Bc3 Rd3 20. h3 Ba3 21. Rc2 Bd6 22. Nf1 f4 23. Bd2 Be5 24. exf4 Nxf4 25. Bxf4 Bxf4 26. g3 Bd6 27. Kg2 Kf7 28. Rd2 Rc3 29. Ne3 g6 30. Ng4 b5 31. Ne3 a5 32. cxb5 cxb5 33. Rd5 Rc5 34. Rd4 Ke6 35. Kf3 Rc3 36. Ke4 c5 37. Rd3 Rc1 38. Rd1 Rxd1 39. Nxd1 Be5 40. f4 Bd4 41. a4 bxa4 42. bxa4 Kd6 43. Ne3 Bxe3 44. Kxe3 Kd5 45. Kd3 h5 46. g4 h4 47. f5 gxf5 48. gxf5 Ke5 49. Kc4 Kxf5 50. Kxc5 Kf4 51. Kd4 Kg3 52. Ke3 Kxh3 53. Kf3 Kh2 54. Kf2 h3 55. Kf1 Kg3 56. Kg1 Kf4 57. Kh2 Kg4 58. Kg1 Kg5 59. Kh2 Kg4 60. Kg1 Kg3 61. Kh1 Kh4 62. Kg1 Kg3 63. Kh1 Kf3 64. Kh2 Kg4 65. Kg1 Kg3 66. Kh1 Kf3 67. Kh2 Kg4 68. Kg1 Kf4 69. Kh2 Ke3 70. Kxh3 Kd3 71. Kg3 Kc2 72. Kf2 Kb3 73. Ke2 Kxa4 74. Kd2 Ka3 75. Kc1 Ka2 76. Kc2 a4 77. Kc1 a3 78. Kc2 Ka1 79. Kc1 a2 1/2-1/2

[Event "Turkish Cup 2024"]
[Site "Denizli"]
[Date "2024.07.31"]
[Round "2"]
[White "Dulger, Batuhan Ihsan"]
[Black "Kavri, Yusuf Eren"]
[Result "0-1"]
[ECO "B31"]
[WhiteElo "1667"]
[BlackElo "2090"]
[Annotator "ChessBase"]
[PlyCount "114"]
[EventDate "2024.08.01"]
[EventType "swiss"]
[EventCountry "TUR"]
[SourceTitle "playchess.com"]
[Source "ChessBase"]
[SourceQuality "1"]
[TimeControl "5400+30"]

1. e4 c5 2. Nf3 Nc6 3. Bb5 g6 4. Bxc6 dxc6 5. d3 Bg7 6. h3 Nf6 7. Nc3 O-O 8. Be3 b6 9. a4 a5 10. O-O Ne8 11. Qd2 Nc7 12. d4 cxd4 13. Bxd4 Ne6 14. Bxg7 Kxg7 15. Qxd8 Rxd8 16. Rfd1 Ba6 17. g3 f6 18. Kg2 Nc5 19. Nd4 Bb7 20. h4 Kf7 21. Nf3 e5 22. Kf1 Na6 23. Rxd8 Rxd8 24. Rd1 Rxd1+ 25. Nxd1 Nb4 26. Ne3 b5 27. Nd2 bxa4 28. Ke1 Ba6 29. Kd1 Ke6 30. Ndc4 Bxc4 31. Nxc4 f5 32. f3 Na6 33. Nxa5 fxe4 34. fxe4 Nc5 35. Ke2 Nxe4 36. Kf3 Nd6 37. Nxc6 Nc4 38. Ke4 Kd6 39. Nb4 Nxb2 40. Na2 a3 41. Nc3 Ke6 42. g4 h6 43. Na2 Na4 44. Kd3 Kd5 45. Nb4+ Kc5 46. Na2 Nb6 47. Ke4 Nd7 48. Nc3 Kb4 49. Na2+ Kc4 50. g5 h5 51. Ke3 Nc5 52. Kd2 Ne4+ 53. Ke3 Nc3 54. Nc1 a2 55. Nxa2 Nxa2 56. Ke4 Nc3+ 57. Kxe5 Ne2 0-1

[Event "Turkish Cup 2024"]
[Site "Denizli"]
[Date "2024.07.31"]
[Round "2"]
[White "Tasdemir, Doruk"]
[Black "Tutuncu, Ali"]
[Result "0-1"]
[ECO "A26"]
[WhiteElo "1656"]
[BlackElo "2041"]
[Annotator "RC"]
[PlyCount "62"]
[EventDate "2024.08.01"]
[EventType "swiss"]
[EventCountry "TUR"]
[SourceTitle "playchess.com"]
[Source "ChessBase"]
[SourceQuality "1"]
[TimeControl "5400+30"]

1. c4 e5 2. Nc3 Nc6 3. g3 g6 4. Bg2 Bg7 5. d3 d6 6. Nf3 h6 7. Rb1 f5 8. e4 g5 9. b4 f4 10. b5 Nce7 11. h4 g4 12. Nh2 h5 13. Qb3 Ng6 14. Nd5 Nf6 15. Qc2 O-O 16. O-O Nxd5 17. cxd5 f3 18. Bh1 Nxh4 19. Re1 Ng6 20. Nf1 h4 21. Be3 Bf6 22. Rbc1 Rf7 23. Qd2 Rh7 24. Rc2 hxg3 25. fxg3 Nf4 26. gxf4 exf4 27. Bxf4 Bd4+ 28. Be3 Qh4 29. Bxd4 f2+ 30. Kg2 Qxh1+ 31. Kxf2 Qf3+ 0-1

[Event "Turkish Cup 2024"]
[Site "Denizli"]
[Date "2024.07.31"]
[Round "2"]
[White "Cavdarli, Mert Ali"]
[Black "Ilgaz, Yusuf Kerem"]
[Result "0-1"]
[ECO "A47"]
[WhiteElo "1639"]
[BlackElo "2006"]
[Annotator "RC"]
[PlyCount "80"]
[EventDate "2024.08.01"]
[EventType "swiss"]
[EventCountry "TUR"]
[SourceTitle "playchess.com"]
[Source "ChessBase"]
[SourceQuality "1"]
[TimeControl "5400+30"]

1. d4 Nf6 2. Bf4 b6 3. e3 Bb7 4. Nf3 Nh5 5. Bg5 h6 6. Bh4 g5 7. Bg3 Nxg3 8. hxg3 Bg7 9. c4 d6 10. Nc3 Nd7 11. d5 e6 12. dxe6 fxe6 13. Nd4 Qf6 14. Qh5+ Ke7 15. Qe2 Rhf8 16. f3 a5 17. O-O-O a4 18. a3 Qg6 19. Ndb5 Nc5 20. Qc2 Qxc2+ 21. Kxc2 Kd7 22. Bd3 g4 23. f4 Nxd3 24. Rxd3 Bxg2 25. Rh4 Bf1 26. Rd2 Bxc4 27. Rxg4 Rg8 28. Rh4 Bxc3 29. Nxc3 Rxg3 30. Rxh6 Rxe3 31. Rg2 Rf3 32. Rg7+ Kc6 33. Rf6 Rf2+ 34. Kd1 Rh8 35. Rg1 Rhh2 36. f5 exf5 37. Rf7 Bxf7 38. b4 axb3 39. Re1 b2 40. Nb1 Bb3# 0-1

[Event "Turkish Cup 2024"]
[Site "Denizli"]
[Date "2024.07.31"]
[Round "2"]
[White "Ay, Sevket"]
[Black "Maruflu, Enes Yusuf"]
[Result "0-1"]
[ECO "B57"]
[WhiteElo "1534"]
[BlackElo "2228"]
[Annotator "RC"]
[PlyCount "90"]
[EventDate "2024.08.01"]
[EventType "swiss"]
[EventCountry "TUR"]
[SourceTitle "playchess.com"]
[Source "ChessBase"]
[SourceQuality "1"]
[TimeControl "5400+30"]

1. e4 c5 2. Nf3 d6 3. d4 cxd4 4. Nxd4 Nf6 5. Nc3 Nc6 6. Bc4 Bd7 7. Be3 Ng4 8. Bg5 Qb6 9. Nd5 Qxd4 10. Qxd4 Nxd4 11. Nc7+ Kd8 12. Nxa8 Nxc2+ 13. Ke2 Nxa1 14. Rxa1 Kc8 15. Rc1 Kb8 16. Bd5 Bc6 17. Bxc6 bxc6 18. Rxc6 Kxa8 19. Rc8+ Kb7 20. Rd8 f6 21. Bd2 Ne5 22. b4 Nc6 23. Re8 g5 24. b5 Nd4+ 25. Kd3 Nxb5 26. Ba5 Nc7 27. Bxc7 Kxc7 28. Kc4 Kd7 29. Ra8 Bg7 30. Rxa7+ Ke6 31. a4 Rc8+ 32. Kb5 f5 33. exf5+ Kf7 34. a5 Rc2 35. a6 Bd4 36. Rb7 Rxf2 37. Kc4 Bc5 38. g4 Rxh2 39. Rb8 Ra2 40. Rh8 Rxa6 41. Rxh7+ Kf8 42. Rh8+ Kg7 43. Rh5 Ra4+ 44. Kd5 Rxg4 45. Ke6 Re4+ 0-1

[Event "Turkish Cup 2024"]
[Site "Denizli"]
[Date "2024.07.31"]
[Round "3"]
[White "Maruflu, Enes Yusuf"]
[Black "Polat, Ahmet Eren"]
[Result "1-0"]
[ECO "A00"]
[WhiteElo "2228"]
[BlackElo "1814"]
[Annotator "RC"]
[PlyCount "85"]
[EventDate "2024.08.01"]
[EventType "swiss"]
[EventCountry "TUR"]
[SourceTitle "playchess.com"]
[Source "ChessBase"]
[SourceQuality "1"]
[TimeControl "5400+30"]

1. g3 e5 2. Bg2 d5 3. b3 Nf6 4. Bb2 Bd6 5. d3 c6 6. Nd2 Qe7 7. e4 O-O 8. Ne2 dxe4 9. dxe4 Ba3 10. Bxa3 Qxa3 11. Nc4 Qe7 12. Qd6 Qxd6 13. Nxd6 Na6 14. Nc3 Nc5 15. O-O b6 16. Rad1 Ba6 17. Rfe1 g6 18. f4 Ne6 19. Bf1 Bxf1 20. Rxf1 Ng4 21. Nc4 b5 22. h3 bxc4 23. hxg4 Rad8 24. fxe5 Rxd1 25. Rxd1 cxb3 26. axb3 Rd8 27. Rd6 Rxd6 28. exd6 f6 29. Kf2 Kf7 30. Ke3 Ke8 31. e5 fxe5 32. Ke4 Kd7 33. Kxe5 Ng5 34. Kf6 Nf3 35. Ne4 Nd4 36. Kg7 Nxc2 37. Kxh7 g5 38. Kg6 Nd4 39. b4 Nc2 40. Kxg5 Nxb4 41. Kf5 Nd5 42. Ke5 Ne3 43. Nc5+ 1-0

[Event "Turkish Cup 2024"]
[Site "Denizli"]
[Date "2024.07.31"]
[Round "3"]
[White "Ozdemir, Serhan Berat"]
[Black "Tektas, Onur Efe"]
[Result "1/2-1/2"]
[ECO "C07"]
[WhiteElo "2194"]
[BlackElo "1851"]
[Annotator "RC"]
[PlyCount "116"]
[EventDate "2024.08.01"]
[EventType "swiss"]
[EventCountry "TUR"]
[SourceTitle "playchess.com"]
[Source "ChessBase"]
[SourceQuality "1"]
[TimeControl "5400+30"]

1. e4 e6 2. d4 d5 3. Nd2 c5 4. exd5 Qxd5 5. Ngf3 cxd4 6. Bc4 Qd8 7. Nb3 Nf6 8. O-O Be7 9. Nbxd4 O-O 10. Re1 Qc7 11. Bb3 Nc6 12. c3 Rd8 13. Qe2 Nxd4 14. Nxd4 Bc5 15. Be3 b6 16. Rad1 Bb7 17. Bg5 Bxd4 18. cxd4 Qc6 19. f3 Qd6 20. Qf2 h6 21. Bxf6 gxf6 22. Qh4 Kg7 23. Re3 Rg8 24. d5 Qc5 25. Rd4 Bxd5 26. Rc3 Qf8 27. Bxd5 exd5 28. Rc7 Rc8 29. Qg4+ Kh8 30. Qd7 Rxc7 31. Qxc7 Qe8 32. Qc1 Rg6 33. Qd2 Qc6 34. Rxd5 Kg7 35. b3 Rg5 36. Rd4 Qc5 37. b4 Qf5 38. h4 Rg6 39. Qd3 Qe5 40. Qd2 Qg3 41. Qf2 Qxf2+ 42. Kxf2 f5 43. Rd7 a6 44. a4 Rc6 45. Ra7 Rc4 46. Rxa6 Rxb4 47. h5 f4 48. Kg1 b5 49. Rb6 Rxa4 50. Rxb5 Kf6 51. Kh2 Ra8 52. g4 fxg3+ 53. Kxg3 Rg8+ 54. Kf4 Rg1 55. Rb6+ Kg7 56. Rb5 Rg2 57. Rf5 Re2 58. Re5 Rg2 1/2-1/2

[Event "Turkish Cup 2024"]
[Site "Denizli"]
[Date "2024.07.31"]
[Round "3"]
[White "Cevizci, Yusuf Baran"]
[Black "Tutmaz, Bugra Hamza"]
[Result "1/2-1/2"]
[ECO "B11"]
[WhiteElo "2102"]
[BlackElo "1761"]
[Annotator "RC"]
[PlyCount "138"]
[EventDate "2024.08.01"]
[EventType "swiss"]
[EventCountry "TUR"]
[SourceTitle "playchess.com"]
[Source "ChessBase"]
[SourceQuality "1"]
[TimeControl "5400+30"]

1. e4 c6 2. Nf3 d5 3. Nc3 Bg4 4. h3 Bxf3 5. Qxf3 e6 6. g3 Nf6 7. d3 Be7 8. Bg2 Nbd7 9. O-O O-O 10. Qe2 dxe4 11. dxe4 e5 12. f4 Qc7 13. f5 Ne8 14. g4 f6 15. h4 h6 16. Bf3 Nd6 17. Kg2 Nf7 18. a4 Rfd8 19. Be3 Nf8 20. Qf2 b6 21. Be2 Nh7 22. Bc4 Kf8 23. Qf3 Bc5 24. Bc1 Rd6 25. Nd1 Qe7 26. Nf2 Nd8 27. Ba2 Bxf2 28. Rxf2 Nb7 29. Be3 Rad8 30. Rh1 Nc5 31. a5 Nd7 32. g5 fxg5 33. hxg5 Nxg5 34. f6 gxf6 35. Bxg5 Qg7 36. Rh5 Ke7 37. axb6 axb6 38. Qg4 hxg5 39. Kg3 Rh8 40. Rxh8 Qxh8 41. Rh2 Qg7 42. Qf5 Nf8 43. Qc8 b5 44. Bb3 g4 45. Qxg4 Qxg4+ 46. Kxg4 Rd1 47. Kf3 Rf1+ 48. Ke3 Rg1 49. c3 c5 50. Bd5 Rg3+ 51. Kf2 Rd3 52. Ke2 Rg3 53. Kf2 Rg7 54. Rh1 Rh7 55. Ra1 Rh2+ 56. Ke3 Ng6 57. Ra7+ Kd8 58. b4 cxb4 59. cxb4 Rb2 60. Ra8+ Kc7 61. Ra7+ Kd8 62. Ra8+ Kc7 63. Ra7+ Kc8 64. Ra8+ Kd7 65. Ra7+ Kc8 66. Ra8+ Kd7 67. Ra7+ Kd8 68. Ra8+ Kd7 69. Ra7+ Kd8 1/2-1/2

[Event "Turkish Cup 2024"]
[Site "Denizli"]
[Date "2024.07.31"]
[Round "3"]
[White "Kavri, Yusuf Eren"]
[Black "Tufan, Kerem"]
[Result "1-0"]
[ECO "A33"]
[WhiteElo "2090"]
[BlackElo "1783"]
[Annotator "ChessBase"]
[PlyCount "61"]
[EventDate "2024.08.01"]
[EventType "swiss"]
[EventCountry "TUR"]
[SourceTitle "playchess.com"]
[Source "ChessBase"]
[SourceQuality "1"]
[TimeControl "5400+30"]

1. c4 Nf6 2. Nc3 c5 3. Nf3 Nc6 4. d4 cxd4 5. Nxd4 e6 6. g3 Be7 7. Bg2 O-O 8. O-O a6 9. b3 Qa5 10. Bb2 Rb8 11. a3 Qh5 12. e3 Qxd1 13. Rfxd1 Nxd4 14. exd4 d6 15. b4 b6 16. Rac1 Bd7 17. Ba1 Rfc8 18. Nb1 Be8 19. Nd2 Bf8 20. Re1 Rd8 21. Nf1 Rdc8 22. Ne3 Rd8 23. f4 Rdc8 24. f5 exf5 25. Nxf5 Bd7 26. Ne3 Re8 27. Nd5 Nxd5 28. Bxd5 Rxe1+ 29. Rxe1 Rc8 30. Kf2 Be6 31. Rxe6 1-0

[Event "Turkish Cup 2024"]
[Site "Denizli"]
[Date "2024.07.31"]
[Round "3"]
[White "Tutuncu, Ali"]
[Black "Gebes, Ata"]
[Result "1-0"]
[ECO "B25"]
[WhiteElo "2041"]
[BlackElo "1874"]
[Annotator "RC"]
[PlyCount "115"]
[EventDate "2024.08.01"]
[EventType "swiss"]
[EventCountry "TUR"]
[SourceTitle "playchess.com"]
[Source "ChessBase"]
[SourceQuality "1"]
[TimeControl "5400+30"]

1. e4 c5 2. Nc3 d6 3. g3 g6 4. Bg2 Bg7 5. d3 Nc6 6. Be3 e6 7. Qd2 Rb8 8. f4 Nge7 9. Nf3 Nd4 10. O-O b5 11. Qf2 Qb6 12. Bxd4 cxd4 13. Ne2 Nc6 14. e5 dxe5 15. fxe5 O-O 16. Nexd4 Nxd4 17. Qxd4 Qxd4+ 18. Nxd4 Bb7 19. Rfe1 Rfd8 20. Nb3 Bxg2 21. Kxg2 Rbc8 22. Re2 Bxe5 23. Rxe5 Rxc2+ 24. Kf1 Rxh2 25. Re2 Rh1+ 26. Kf2 Rxa1 27. Nxa1 Rxd3 28. Nb3 Kf8 29. Re5 a6 30. Rc5 Kg7 31. Rc2 Rd6 32. Ke2 h5 33. Na5 Kf6 34. Rc6 Ke5 35. Rc5+ Kf6 36. Nc6 g5 37. Ne5 Rd5 38. Nd3 a5 39. Ke3 Rxc5 40. Nxc5 Ke5 41. Nb3 Kd5 42. Nxa5 f5 43. Nb3 e5 44. Nd2 h4 45. gxh4 gxh4 46. Nf3 h3 47. Kf2 f4 48. Ng5 Kd4 49. Nxh3 Kd3 50. Kf3 Kc2 51. b3 b4 52. Ke4 Kb2 53. Kd3 Kxa2 54. Kc4 f3 55. Nf2 Kb2 56. Kxb4 Kc2 57. Kc4 Kd2 58. Ng4 1-0

[Event "Turkish Cup 2024"]
[Site "Denizli"]
[Date "2024.07.31"]
[Round "3"]
[White "Turkmen, Ataberk"]
[Black "Bozdag, Armagan Emre"]
[Result "1-0"]
[ECO "C26"]
[WhiteElo "2022"]
[BlackElo "1794"]
[Annotator "RC"]
[PlyCount "75"]
[EventDate "2024.08.01"]
[EventType "swiss"]
[EventCountry "TUR"]
[SourceTitle "playchess.com"]
[Source "ChessBase"]
[SourceQuality "1"]
[TimeControl "5400+30"]

1. e4 e5 2. Nc3 Nf6 3. g3 d5 4. exd5 Nxd5 5. Bg2 Nxc3 6. bxc3 Bc5 7. Ne2 Nc6 8. d3 Be6 9. c4 O-O 10. O-O Rb8 11. Rb1 Qd7 12. Be3 Be7 13. f4 f6 14. fxe5 fxe5 15. Rxf8+ Bxf8 16. Qd2 b6 17. Qc3 Re8 18. Rf1 g6 19. Qd2 Bg7 20. Nc3 Ne7 21. Ne4 Nf5 22. Bf2 Rf8 23. Qc3 Nd4 24. Bxd4 Qxd4+ 25. Qxd4 Rxf1+ 26. Kxf1 exd4 27. Ng5 Bf7 28. Bd5 Bxd5 29. cxd5 Be5 30. Ke2 h6 31. Nf3 Bg7 32. Nd2 Kf7 33. Kf3 Kf6 34. Ke4 Kg5 35. h3 Kf6 36. Nf3 a6 37. Nxd4 Ke7 38. Ne6 1-0

[Event "Turkish Cup 2024"]
[Site "Denizli"]
[Date "2024.07.31"]
[Round "3"]
[White "Ilgaz, Yusuf Kerem"]
[Black "Seker, Gokhan"]
[Result "1-0"]
[ECO "A84"]
[WhiteElo "2006"]
[BlackElo "2009"]
[Annotator "RC"]
[PlyCount "53"]
[EventDate "2024.08.01"]
[EventType "swiss"]
[EventCountry "TUR"]
[SourceTitle "playchess.com"]
[Source "ChessBase"]
[SourceQuality "1"]
[TimeControl "5400+30"]

1. d4 d5 2. c4 e6 3. Nc3 c6 4. e3 Bd6 5. Bd3 f5 6. Nh3 Nf6 7. O-O O-O 8. f3 Qc7 9. Nf4 g5 10. c5 gxf4 11. cxd6 Qxd6 12. exf4 Nbd7 13. a4 c5 14. dxc5 Nxc5 15. Be3 Nxd3 16. Qxd3 Bd7 17. g3 Rfc8 18. Bd4 Ne8 19. Kh1 Qb4 20. Rg1 Qc4 21. Qe3 Kf7 22. g4 Rc6 23. Rae1 Qb4 24. gxf5 exf5 25. Nxd5 Qd6 26. Qe7+ Qxe7 27. Rxe7+ 1-0

[Event "Turkish Cup 2024"]
[Site "Denizli"]
[Date "2024.07.31"]
[Round "3"]
[White "Sahin, Ata Sarp"]
[Black "Sezis, Doruk"]
[Result "1-0"]
[ECO "B19"]
[WhiteElo "1996"]
[BlackElo "1932"]
[Annotator "RC"]
[PlyCount "171"]
[EventDate "2024.08.01"]
[EventType "swiss"]
[EventCountry "TUR"]
[SourceTitle "playchess.com"]
[Source "ChessBase"]
[SourceQuality "1"]
[TimeControl "5400+30"]

1. e4 c6 2. d4 d5 3. Nc3 dxe4 4. Nxe4 Bf5 5. Ng3 Bg6 6. h4 h6 7. Nf3 Nd7 8. h5 Bh7 9. Bd3 Bxd3 10. Qxd3 Ngf6 11. Bd2 Qc7 12. O-O-O O-O-O 13. Ne4 e6 14. g3 Nxe4 15. Qxe4 Bd6 16. Kb1 Rhe8 17. c4 c5 18. Bc3 Nf6 19. Qe2 cxd4 20. Nxd4 a6 21. Nb3 Qc6 22. c5 Bc7 23. Bxf6 gxf6 24. Qe3 Qg2 25. Rc1 Kb8 26. c6 b6 27. Nc5 Qd5 28. Nxa6+ Kc8 29. Nxc7 Kxc7 30. Qxh6 e5 31. Qe3 Qd3+ 32. Qxd3 Rxd3 33. h6 Rh8 34. h7 Rd2 35. Rc2 Rd6 36. Rh6 Rd1+ 37. Rc1 Rd2 38. Rh2 e4 39. Rc3 f5 40. Re3 Kxc6 41. Kc1 Rd6 42. g4 fxg4 43. Rxe4 Rg6 44. Re7 Rg7 45. Rh6+ Kc5 46. Re5+ Kd4 47. Reh5 Ke4 48. Kd2 b5 49. Ke2 f5 50. Re6+ Kf4 51. Rf6 Rg5 52. Rxg5 Kxg5 53. Rf7 Kg6 54. Rb7 f4 55. Rxb5 Rxh7 56. a4 Re7+ 57. Kf1 Kf6 58. a5 Ke6 59. a6 Kd6 60. Rb4 g3 61. Rb6+ Kd5 62. Rb7 Re6 63. Rb5+ Kc4 64. Ra5 Re8 65. a7 Ra8 66. f3 Kb4 67. Ra3 Kb5 68. Kg2 Kb6 69. Ra4 Rxa7 70. Rxf4 Ra2 71. Rc4 Rxb2+ 72. Kxg3 Kb5 73. Rc8 Rd2 74. f4 Kb6 75. Kg4 Kb7 76. Rc3 Rg2+ 77. Kf5 Rf2 78. Ke5 Kb6 79. f5 Re2+ 80. Kd6 Kb5 81. f6 Rf2 82. Ke7 Re2+ 83. Kf7 Kb6 84. Kf8 Rf2 85. f7 Rf1 86. Rc4 1-0

[Event "Turkish Cup 2024"]
[Site "Denizli"]
[Date "2024.07.31"]
[Round "3"]
[White "Akkaya, Atakan"]
[Black "Yilmaz, Turhan"]
[Result "0-1"]
[ECO "C63"]
[WhiteElo "1971"]
[BlackElo "2015"]
[Annotator "RC"]
[PlyCount "68"]
[EventDate "2024.08.01"]
[EventType "swiss"]
[EventCountry "TUR"]
[SourceTitle "playchess.com"]
[Source "ChessBase"]
[SourceQuality "1"]
[TimeControl "5400+30"]

1. e4 e5 2. Nf3 Nc6 3. Bb5 f5 4. d3 fxe4 5. dxe4 Nf6 6. Qd3 d6 7. Qc4 Qd7 8. c3 a6 9. Qa4 Nxe4 10. Be3 Nf6 11. O-O Rb8 12. Be2 Nd5 13. Nbd2 Nxe3 14. fxe3 Be7 15. Qb3 Qe6 16. Bc4 Qh6 17. Bf7+ Kd8 18. Rad1 Rf8 19. Bd5 Na5 20. Qa3 b6 21. b4 c6 22. Bc4 Nxc4 23. Nxc4 Kc7 24. b5 Qe6 25. Ncd2 axb5 26. e4 Bb7 27. Ra1 Ra8 28. Qb2 Ra4 29. Rfb1 Rfa8 30. c4 g5 31. a3 g4 32. Ne1 Bg5 33. cxb5 Be3+ 34. Kh1 Bd4 0-1

[Event "Turkish Cup 2024"]
[Site "Denizli"]
[Date "2024.07.31"]
[Round "3"]
[White "Bulgurlu, Okan"]
[Black "Sadik, Muhammed Selim"]
[Result "1/2-1/2"]
[ECO "B40"]
[WhiteElo "1964"]
[BlackElo "1798"]
[Annotator "RC"]
[PlyCount "88"]
[EventDate "2024.08.01"]
[EventType "swiss"]
[EventCountry "TUR"]
[SourceTitle "playchess.com"]
[Source "ChessBase"]
[SourceQuality "1"]
[TimeControl "5400+30"]

1. e4 c5 2. Nf3 e6 3. d4 cxd4 4. Nxd4 Nf6 5. Bd3 Nc6 6. Ne2 d5 7. exd5 exd5 8. O-O Be7 9. Ng3 O-O 10. Nc3 Re8 11. Bf4 Be6 12. Nb5 Rf8 13. Re1 Qd7 14. Qe2 Rac8 15. a3 Rfe8 16. h3 a6 17. Nc3 Bc5 18. Nh5 Ng4 19. hxg4 Bxg4 20. Qd2 Bxh5 21. Nxd5 Qg4 22. Rxe8+ Rxe8 23. Re1 Rd8 24. Bc7 Nd4 25. Bxd8 Nf3+ 26. Kh1 f6 27. Qf4 Nxe1 28. Qxg4 Bxg4 29. Bc4 Kf8 30. Bb6 Bxb6 31. Nxb6 Bf5 32. Bd5 Bxc2 33. Bxb7 a5 34. Nc4 a4 35. Ne3 Bb3 36. Be4 g6 37. g4 Be6 38. Kg1 f5 39. gxf5 gxf5 40. Nxf5 Nf3+ 41. Kh1 Nd2 42. Bc2 Bxf5 43. Bxf5 Nc4 44. Bxh7 Nxb2 1/2-1/2

[Event "Turkish Cup 2024"]
[Site "Denizli"]
[Date "2024.07.31"]
[Round "3"]
[White "Kartal, Efe Onur"]
[Black "Bilir, Ibrahim"]
[Result "0-1"]
[ECO "B25"]
[WhiteElo "1956"]
[BlackElo "1830"]
[Annotator "RC"]
[PlyCount "98"]
[EventDate "2024.08.01"]
[EventType "swiss"]
[EventCountry "TUR"]
[SourceTitle "playchess.com"]
[Source "ChessBase"]
[SourceQuality "1"]
[TimeControl "5400+30"]

1. e4 c5 2. Nc3 Nc6 3. g3 g6 4. Bg2 Bg7 5. d3 d6 6. Nge2 e5 7. O-O Nge7 8. f4 Be6 9. Nd5 O-O 10. fxe5 Nxe5 11. Bg5 Bxd5 12. exd5 h6 13. Bf4 Qd7 14. Qd2 g5 15. Bxe5 dxe5 16. c4 f5 17. b4 Qd6 18. Rab1 b6 19. bxc5 Qxc5+ 20. Kh1 Rae8 21. Rb5 Qd6 22. d4 e4 23. Nc3 Ng6 24. c5 bxc5 25. Rxc5 Qd7 26. Re1 Bf6 27. Nb5 Be7 28. Rc6 Rf6 29. Rec1 Ref8 30. Nc7 Ba3 31. R1c2 Ne7 32. Nb5 Nxc6 33. dxc6 Rxc6 34. Nxa3 Rfc8 35. Bf1 Rxc2 36. Nxc2 Qc6 37. Ne3 f4 38. gxf4 gxf4 39. Qg2+ Kh7 40. Nf5 Rc7 41. Qg4 e3+ 42. Kg1 Qg6 43. Qxg6+ Kxg6 44. Bd3 Kf6 45. Nxh6 Rc3 46. Ng4+ Ke6 47. Bf1 Kf5 48. Ne5 Rc1 49. Kg2 Rc2+ 0-1

[Event "Turkish Cup 2024"]
[Site "Denizli"]
[Date "2024.07.31"]
[Round "3"]
[White "Yildiz, Talat"]
[Black "Tatlioglu, Ege"]
[Result "1-0"]
[ECO "E05"]
[WhiteElo "1956"]
[BlackElo "1852"]
[Annotator "RC"]
[PlyCount "77"]
[EventDate "2024.08.01"]
[EventType "swiss"]
[EventCountry "TUR"]
[SourceTitle "playchess.com"]
[Source "ChessBase"]
[SourceQuality "1"]
[TimeControl "5400+30"]

1. c4 e6 2. Nf3 d5 3. d4 Nf6 4. g3 Be7 5. Bg2 O-O 6. O-O dxc4 7. Qc2 b5 8. a4 b4 9. Nbd2 Bb7 10. Nxc4 c5 11. dxc5 Bxc5 12. Bf4 Nbd7 13. Bd6 Rc8 14. Bxf8 Qxf8 15. b3 Qe7 16. Ng5 Ne5 17. Ne4 Nxe4 18. Bxe4 Nxc4 19. Bxb7 Qxb7 20. bxc4 h5 21. h4 Qc7 22. Qd3 a5 23. Rfd1 Qe5 24. Rab1 Rb8 25. Kg2 Be7 26. Qf3 Bf6 27. Rd3 Qc5 28. Qe4 Rc8 29. Rbd1 g6 30. Qf4 Bc3 31. Rd7 Qc6+ 32. Kh2 Rf8 33. Rc7 Qxa4 34. Rdd7 b3 35. Qe4 Kg7 36. Qxe6 Qxd7 37. Qxd7 b2 38. Rb7 Bb4 39. Qd4+ 1-0

[Event "Turkish Cup 2024"]
[Site "Denizli"]
[Date "2024.07.31"]
[Round "3"]
[White "Celik, Ege Yigit"]
[Black "Yenicirak, Gokdeniz Ege"]
[Result "1-0"]
[ECO "A16"]
[WhiteElo "1949"]
[BlackElo "1741"]
[Annotator "RC"]
[PlyCount "73"]
[EventDate "2024.08.01"]
[EventType "swiss"]
[EventCountry "TUR"]
[SourceTitle "playchess.com"]
[Source "ChessBase"]
[SourceQuality "1"]
[TimeControl "5400+30"]

1. c4 Nf6 2. Nc3 g6 3. g3 Bg7 4. Bg2 O-O 5. e4 d6 6. Nge2 c6 7. O-O Nbd7 8. d3 a6 9. a4 a5 10. h3 Rb8 11. Be3 e5 12. f4 Ne8 13. f5 Nc5 14. Ra3 Bd7 15. Qd2 f6 16. h4 Nc7 17. g4 Qe7 18. Ng3 N7a6 19. g5 Nb4 20. Nce2 Rbd8 21. h5 Be8 22. fxg6 hxg6 23. hxg6 Bxg6 24. Nf5 Bxf5 25. Rxf5 d5 26. gxf6 Bxf6 27. Bh6 Rf7 28. cxd5 cxd5 29. exd5 Nxd5 30. d4 Nf4 31. Rg3+ Kh8 32. Bxf4 Nb3 33. Rxb3 exf4 34. Rxb7 Bxd4+ 35. Nxd4 Qxb7 36. Bxb7 Rxf5 37. Qh2+ 1-0

[Event "Turkish Cup 2024"]
[Site "Denizli"]
[Date "2024.07.31"]
[Round "3"]
[White "Hatirli, Ugur Can"]
[Black "Atayman, Evren"]
[Result "1-0"]
[ECO "A16"]
[WhiteElo "1948"]
[BlackElo "1785"]
[Annotator "RC"]
[PlyCount "149"]
[EventDate "2024.08.01"]
[EventType "swiss"]
[EventCountry "TUR"]
[SourceTitle "playchess.com"]
[Source "ChessBase"]
[SourceQuality "1"]
[TimeControl "5400+30"]

1. c4 Nf6 2. Nc3 g6 3. g3 Bg7 4. Bg2 c6 5. e4 O-O 6. Nge2 a6 7. d4 b5 8. O-O bxc4 9. d5 Bb7 10. Qa4 cxd5 11. exd5 Qc8 12. Rd1 e6 13. Be3 Nxd5 14. Nxd5 Bxd5 15. Bxd5 exd5 16. Nc3 Nc6 17. Nxd5 Qb7 18. Qxc4 Qxb2 19. Rab1 Ne5 20. Rxb2 Nxc4 21. Rb7 d6 22. Bf4 Kh8 23. Rc1 Rac8 24. Ra7 a5 25. Ne7 Rc5 26. Bxd6 Nxd6 27. Rxc5 Bd4 28. Rcxa5 Bxa7 29. Rxa7 Rb8 30. Nc6 Rb2 31. a4 f5 32. Nd8 Ne4 33. Ne6 h6 34. Nf4 g5 35. Ng6+ Kg8 36. Ne7+ Kf7 37. Nxf5+ Kf6 38. Nxh6 Nc5 39. Ng4+ Kf5 40. h3 Nd3 41. Ra5+ Ke6 42. Ra6+ Ke7 43. Rf6 Rb1+ 44. Kh2 Ra1 45. Rf3 Nc5 46. Rf5 Ne6 47. a5 Nd4 48. Re5+ Kd6 49. Kg2 Nc2 50. Rf5 Ke6 51. Rf6+ Ke7 52. a6 Ne1+ 53. Kh2 Ra3 54. Rf5 Nf3+ 55. Kg2 Ne1+ 56. Kf1 Nd3 57. Rd5 Ra1+ 58. Ke2 Nb4 59. Rxg5 Rxa6 60. h4 Ra2+ 61. Kf3 Nd3 62. Rd5 Ra3 63. Ne3 Ke6 64. Rd8 Ne5+ 65. Kg2 Nf7 66. Rb8 Ra2 67. g4 Nd6 68. Rb4 Nf7 69. Re4+ Kf6 70. Nd5+ Kg7 71. h5 Ng5 72. Re7+ Nf7 73. g5 Kf8 74. g6 Nh6 75. g7+ 1-0

[Event "Turkish Cup 2024"]
[Site "Denizli"]
[Date "2024.07.31"]
[Round "3"]
[White "Kocakaplan, Emre"]
[Black "Turan, Seyithan"]
[Result "1-0"]
[ECO "E21"]
[WhiteElo "1926"]
[BlackElo "1764"]
[Annotator "ChessBase"]
[PlyCount "99"]
[EventDate "2024.08.01"]
[EventType "swiss"]
[EventCountry "TUR"]
[SourceTitle "playchess.com"]
[Source "ChessBase"]
[SourceQuality "1"]
[TimeControl "5400+30"]

1. d4 Nf6 2. Nf3 e6 3. c4 Bb4+ 4. Bd2 Qe7 5. Nc3 b6 6. Qc2 Bb7 7. e3 O-O 8. Bd3 d6 9. a3 Bxc3 10. Bxc3 Nbd7 11. O-O-O e5 12. dxe5 dxe5 13. Bf5 a5 14. Bxd7 Nxd7 15. Qf5 Nc5 16. Qxe5 Qxe5 17. Nxe5 Bxg2 18. Rhg1 Be4 19. Nd3 Ne6 20. Nf4 g6 21. Nh5 f5 22. Rd7 Rf7 23. Nf6+ Kf8 24. Nxh7+ Ke8 25. Rxf7 Kxf7 26. Rd1 Nc5 27. Ng5+ Ke7 28. Nxe4 Nxe4 29. Be1 Nd6 30. c5 bxc5 31. Rd5 Nb7 32. f3 Ke6 33. Rd3 a4 34. Bg3 Rc8 35. e4 fxe4 36. fxe4 Na5 37. Kc2 Nb3 38. Rd5 Rf8 39. Bxc7 Rf2+ 40. Kc3 Re2 41. Rg5 Re3+ 42. Kc2 Rxe4 43. Rxg6+ Kd5 44. Kd3 c4+ 45. Kc3 Re3+ 46. Kb4 Nd4 47. Rd6+ Ke5 48. Rxd4+ Ke6 49. Kxc4 Re2 50. Kc3 1-0